AoeStats
← OSMANE38

Arena

510382539Analyzed
3v3 RM · 20h ago on Sep 30, 2026· 66m 38s· 6 players
Game mode
Random Map
Map size
Normal (6 player)
Population
200
Speed
Normal
Resources
Standard
Victory
Conquest
Starting age
Dark Age
Ending age
Imperial Age
RankedLock teamsTeams togetherTeam positionsShared explorationLock speedFull tech treeHidden civsTurbo modeCheats
Victory
Defeat
🇹🇷 Bohemians · Türkiye
982
+13
🇹🇷 Huns · Türkiye
953
+15
🇹🇷 Vietnamese · Türkiye
850
+19
🇲🇽 Mongols · Mexico
945
-17
🇩🇪 Turks · Germany
912
-15
🇺🇸 Burmese · United States
904
-15
jyasin.yildiz
12:33 Feudal Age
13:00 Double-Bit Axe
12:55 Horse Collar
13:54 Wheelbarrow
15:45 Loom
20:00 Castle Age
18:17 Forging
19:19 Wheelbarrow
22:29 Bow Saw
22:19 Heavy Plow
26:18 Imperial Age
25:47 Fletching
30:32 Pikeman
34:22 Hand Cart
37:31 Two-Man Saw
36:34 Scale Mail Armor
37:45 Squires
38:21 Iron Casting
39:21 Padded Archer Armor
41:05 Chemistry
41:55 Elite Skirmisher
42:16 Elite Hussite Wagon
42:54 Bodkin Arrow
44:20 Wagenburg Tactics
44:36 Conscription
44:22 Bracer
44:19 Murder Holes
44:36 Fortified Wall
44:11 Imperial Skirmisher
45:20 Leather Archer Armor
45:12 Devotion
45:35 Capped Ram
45:37 Imperial Skirmisher
47:11 Ring Archer Armor
47:55 Ballistics
48:37 Blast Furnace
47:26 Arson
48:27 Chain Mail Armor
48:48 Caravan
49:05 Halberdier
52:03 Plate Mail Armor
53:50 Faith
59:21 Houfnice
☾★Ertugrul☾★
10:47 Feudal Age
12:57 Double-Bit Axe
16:24 Castle Age
14:22 Horse Collar
16:45 Loom
23:47 Town Watch
24:10 Gold Mining
24:36 Bow Saw
28:53 Imperial Age
27:36 Wheelbarrow
27:15 Elite Skirmisher
27:49 Fletching
28:09 Padded Archer Armor
28:14 Scale Mail Armor
29:20 Pikeman
29:43 Crossbowman
30:10 Pikeman
35:06 Halberdier
36:35 Hand Cart
36:41 Imperial Skirmisher
37:28 Thumb Ring
37:41 Squires
42:51 Capped Ram
43:54 Bodkin Arrow
44:15 Leather Archer Armor
44:24 Ballistics
45:05 Chemistry
45:04 Light Cavalry
46:56 Siege Ram
48:48 Bracer
49:03 Chain Mail Armor
48:59 Forging
48:15 Hussar
56:10 Elite Tarkan
57:23 Conscription
57:04 Marauders
60:29 Arson
63:24 Iron Casting
62:55 Scale Barding Armor
63:47 Bloodlines
63:38 Husbandry
66:03 Spies/Treason
Buckberry58
12:06 Feudal Age
10:22 Loom
13:34 Double-Bit Axe
18:55 Castle Age
16:44 Horse Collar
17:58 Stone Mining
19:11 Pikeman
22:38 Stone Shaft Mining
25:12 Wheelbarrow
26:04 Fortified Wall
27:59 Hand Cart
27:50 Gold Mining
30:28 Man-at-Arms
31:12 Long Swordsman
34:51 Forging
34:42 Scale Mail Armor
34:32 Fletching
34:43 Padded Archer Armor
36:43 Bow Saw
39:08 Imperial Age
39:11 Capped Ram
39:15 Elite Rattan Archer
40:20 Paper Money
40:40 Iron Casting
40:21 Chain Mail Armor
40:02 Bodkin Arrow
40:47 Two-Handed Swordsman
42:59 Champion
45:00 Bracer
45:31 Plate Mail Armor
45:16 Leather Archer Armor
44:51 Elite Skirmisher
46:28 Leather Archer Armor
47:25 Chemistry
48:04 Imperial Skirmisher
52:00 Ring Archer Armor
65:48 Spies/Treason
Teblu
5:41 Loom
12:26 Feudal Age
13:14 Horse Collar
17:46 Castle Age
17:52 Light Cavalry
18:43 Bloodlines
18:42 Scale Barding Armor
20:09 Forging
21:17 Heavy Plow
22:32 Wheelbarrow
23:25 Redemption
26:05 Hand Cart
30:49 Imperial Age
33:35 Conscription
34:44 Elite Arambai
38:28 Block Printing
42:11 Onager
45:29 Ballistics
45:11 Padded Archer Armor
48:07 Capped Ram
50:05 Iron Casting
49:31 Scale Mail Armor
49:23 Fletching
49:58 Man-at-Arms
50:43 Squires
50:30 Gambesons
51:50 Blast Furnace
51:52 Long Swordsman
53:04 Two-Handed Swordsman
55:06 Champion
OSMANE38
0:41 Loom
11:09 Feudal Age
21:06 Castle Age
19:33 Stone Mining
19:41 Gold Mining
20:17 Double-Bit Axe
21:44 Horse Collar
28:42 Gold Shaft Mining
31:58 Wheelbarrow
34:06 Bow Saw
39:25 Imperial Age
38:10 Town Watch
38:45 Heavy Plow
40:08 Hand Cart
39:53 Town Patrol
49:56 Elite Janissary
51:13 Hoardings
50:09 Sappers
50:57 Forging
50:38 Fletching
50:49 Padded Archer Armor
51:54 Two-Man Saw
51:14 Husbandry
51:25 Bloodlines
CONE
12:45 Feudal Age
13:21 Stone Mining
14:12 Loom
14:45 Gold Mining
17:40 Castle Age
15:50 Double-Bit Axe
15:48 Horse Collar
18:18 Fletching
21:51 Wheelbarrow
24:34 Scale Mail Armor
27:00 Scale Barding Armor
28:10 Pikeman
31:16 Padded Archer Armor
37:18 Imperial Age
36:58 Forging
37:04 Chain Mail Armor
37:10 Hand Cart
37:45 Chain Barding Armor
36:48 Light Cavalry
37:38 Bloodlines
37:39 Man-at-Arms
38:24 Long Swordsman
39:56 Gold Shaft Mining
40:46 Chemistry
40:14 Onager
41:01 Onager
41:56 Squires
42:39 Heavy Plow
44:00 Iron Casting
42:47 Hussar
45:09 Plate Mail Armor
47:29 Two-Handed Swordsman
Connection lost

Rejoining the realm…

Still unreachable

The connection could not be restored.

Session expired

The server has moved on; the page needs a fresh start.